[Event "Faroese-ch Open 2025"]
[Site "Torshavn"]
[Date "2025.04.12"]
[Round "1.1"]
[White "Joensen, Sigurd"]
[Black "Staksberg, Luca Eydun"]
[Result "1-0"]
[Annotator "NA"]
[ECO "B01"]
[WhiteElo "1619"]
[BlackElo "1692"]
[PlyCount "92"]
[EventDate "2025.04.11"]
[EventType "swiss"]
[EventCountry "FAI"]
[SourceTitle "playchess.com"]
[Source "ChessBase"]
[SourceQuality "1"]
[TimeControl "40/5400+30:900+30"]

1. e4 d5 2. exd5 Nf6 3. Bc4 e6 4. dxe6 Bxe6 5. Qe2 Qe7 6. Bxe6 Qxe6 7. Qxe6+ fxe6 8. Nf3 Bd6 9. O-O O-O 10. Re1 Re8 11. Nc3 e5 12. d3 Nc6 13. Bg5 Nd4 14. Nxd4 exd4 15. Bxf6 gxf6 16. Ne4 Kf7 17. Nxd6+ cxd6 18. Kf1 Re5 19. Re4 Rc8 20. Rc1 Rxe4 21. dxe4 d3 22. c3 Re8 23. Rd1 Rxe4 24. Rxd3 Ke6 25. Rh3 Ra4 26. a3 Ra5 27. Rxh7 Rb5 28. b4 a5 29. h4 b6 30. g4 Rd5 31. h5 Rd3 32. Rc7 Ke5 33. Kg2 Kf4 34. Rc4+ Kg5 35. f3 b5 36. Rc7 a4 37. Rg7+ Kf4 38. h6 Rxc3 39. h7 Rc2+ 40. Kh3 Rc1 41. Rf7 Rh1+ 42. Kg2 Rh4 43. Rxf6+ Ke5 44. Rf5+ Kd4 45. Rh5 Rxh5 46. gxh5 Kd5 1-0

[Event "Faroese-ch Open 2025"]
[Site "Torshavn"]
[Date "2025.04.12"]
[Round "1.2"]
[White "Al-Jay, Zaid"]
[Black "Simonsen, Johannes"]
[Result "0-1"]
[Annotator "NA"]
[ECO "C50"]
[WhiteElo "1689"]
[BlackElo "1608"]
[PlyCount "46"]
[EventDate "2025.04.11"]
[EventType "swiss"]
[EventCountry "FAI"]
[SourceTitle "playchess.com"]
[Source "ChessBase"]
[SourceQuality "1"]
[TimeControl "40/5400+30:900+30"]

1. e4 e5 2. Nf3 Nc6 3. Bc4 Bc5 4. d3 Nf6 5. Nc3 h6 6. O-O O-O 7. Be3 Bb6 8. Nd5 d6 9. h3 Be6 10. Bb3 Bxd5 11. Bxb6 Bxb3 12. Bxc7 Qxc7 13. axb3 a6 14. Nh4 Ne7 15. c3 d5 16. exd5 Nfxd5 17. b4 Rfd8 18. Qb3 Nf4 19. d4 exd4 20. cxd4 Rxd4 21. Nf3 Rd3 22. Rfc1 Ne2+ 23. Kf1 Nxc1 0-1

[Event "Faroese-ch Open 2025"]
[Site "Torshavn"]
[Date "2025.04.12"]
[Round "1.3"]
[White "Morkore, Mortan"]
[Black "Rasmussen, Gunnleif"]
[Result "1-0"]
[Annotator "NA"]
[ECO "B01"]
[WhiteElo "1681"]
[BlackElo "1489"]
[PlyCount "83"]
[EventDate "2025.04.11"]
[EventType "swiss"]
[EventCountry "FAI"]
[SourceTitle "playchess.com"]
[Source "ChessBase"]
[SourceQuality "1"]
[TimeControl "40/5400+30:900+30"]

1. e4 d5 2. exd5 Qxd5 3. Nc3 Qd8 4. Nf3 Bf5 5. Bc4 e6 6. d4 Nf6 7. Bf4 Bd6 8. Bg3 c6 9. a3 a5 10. Bxd6 Qxd6 11. O-O O-O 12. Re1 Nbd7 13. Ne5 Rad8 14. Ba2 Nb6 15. Ne2 Ng4 16. c3 Nxe5 17. dxe5 Qxe5 18. Nd4 Qf6 19. Qb3 Rxd4 20. cxd4 Qxd4 21. Red1 Qc5 22. Rac1 Qb5 23. Qxb5 cxb5 24. Rc5 Na4 25. Rxb5 b6 26. Rd4 Rc8 27. g4 Bc2 28. Bb3 Bxb3 29. Rxb3 Nc5 30. Rxb6 g5 31. Rc4 Rd8 32. Rxc5 Rd4 33. Rxg5+ Kf8 34. h3 a4 35. Rb4 Rd3 36. Kg2 h6 37. Ra5 Kg7 38. Raxa4 Kg6 39. Ra5 f6 40. h4 e5 41. Rb6 e4 42. h5+ 1-0

[Event "Faroese-ch Open 2025"]
[Site "Torshavn"]
[Date "2025.04.12"]
[Round "1.4"]
[White "Xin, Lisa J."]
[Black "Anthoniussen, Mannbjorn"]
[Result "0-1"]
[Annotator "NA"]
[ECO "A46"]
[WhiteElo "1562"]
[BlackElo "1689"]
[PlyCount "136"]
[EventDate "2025.04.11"]
[EventType "swiss"]
[EventCountry "FAI"]
[SourceTitle "playchess.com"]
[Source "ChessBase"]
[SourceQuality "1"]
[TimeControl "40/5400+30:900+30"]

1. d4 d6 2. Nf3 Nf6 3. Nbd2 Bg4 4. e3 Nbd7 5. Be2 e6 6. b3 Be7 7. Bb2 O-O 8. O-O c6 9. c4 d5 10. Rc1 h6 11. h3 Bh5 12. Bd3 Bg6 13. Bxg6 fxg6 14. Nh4 g5 15. Ng6 Rf7 16. Nxe7+ Qxe7 17. cxd5 exd5 18. Re1 Raf8 19. Rf1 Ne4 20. Nxe4 Qxe4 21. Ba3 Re8 22. Qc2 Nf6 23. Qxe4 Nxe4 24. f3 Ng3 25. Rfe1 Rf6 26. Kh2 Nf5 27. Rc2 Nxd4 28. Rd2 Nf5 29. e4 Rfe6 30. Rde2 dxe4 31. Rxe4 Kf7 32. Rxe6 Rxe6 33. Rxe6 Kxe6 34. g4 Nd4 35. Kg2 g6 36. Bc5 Nb5 37. Bf8 h5 38. gxh5 gxh5 39. Kg3 Kf5 40. Bh6 Nc3 41. h4 gxh4+ 42. Kxh4 Nxa2 43. Bd2 c5 44. Kxh5 a6 45. Kh4 b5 46. Kg3 c4 47. bxc4 bxc4 48. Kf2 c3 49. Bh6 c2 50. Ke2 c1=Q 51. Bxc1 Nxc1+ 52. Kd2 Nb3+ 53. Kc3 Nc5 54. Kb4 Nb7 55. Kc4 a5 56. Kb5 Kf4 57. Ka4 Kxf3 58. Ka3 Ke3 59. Ka2 Kd3 60. Ka1 Kc3 61. Kb1 Kb3 62. Ka1 Nc5 63. Kb1 Ne6 64. Ka1 Nd4 65. Kb1 a4 66. Ka1 a3 67. Kb1 a2+ 68. Ka1 Nc2# 0-1

[Event "Faroese-ch Open 2025"]
[Site "Torshavn"]
[Date "2025.04.12"]
[Round "1.5"]
[White "Al-Jay, Zaid"]
[Black "Simonsen, Johannes"]
[Result "1/2-1/2"]
[Annotator "NA"]
[ECO "C45"]
[WhiteElo "1689"]
[BlackElo "1608"]
[PlyCount "98"]
[EventDate "2025.04.11"]
[EventType "swiss"]
[EventCountry "FAI"]
[SourceTitle "playchess.com"]
[Source "ChessBase"]
[SourceQuality "1"]
[TimeControl "40/5400+30:900+30"]

1. e4 e5 2. Nf3 Nc6 3. d4 exd4 4. Nxd4 Bb4+ 5. c3 Bc5 6. Be3 Bb6 7. Qg4 Qf6 8. Nf5 d6 9. Qxg7 Bxf5 10. Qxf6 Nxf6 11. exf5 Kd7 12. Bxb6 axb6 13. f3 Rhe8+ 14. Kf2 h5 15. h3 Re5 16. g4 hxg4 17. hxg4 Na5 18. Na3 Rae8 19. Bb5+ c6 20. Bd3 b5 21. Rae1 Nd5 22. Rxe5 dxe5 23. Rh7 Ke7 24. g5 Rf8 25. Nb1 Nf4 26. Bf1 Nc4 27. Bxc4 bxc4 28. Ke3 b5 29. b3 cxb3 30. axb3 Kd6 31. Nd2 Nd5+ 32. Kd3 Ne7 33. Ke4 Rg8 34. Rh6+ Kd7 35. Kxe5 Rxg5 36. Kf6 Rxf5+ 37. Kg7 Rd5 38. Rh2 Rf5 39. c4 bxc4 40. Nxc4 Ng6 41. Rh6 Ke7 42. Nd2 Ne5 43. Nc4 Nxc4 44. bxc4 Rxf3 45. Rxc6 Rg3+ 46. Kh6 Rg6+ 47. Rxg6 fxg6 48. Kxg6 Kd6 49. c5+ Kxc5 1/2-1/2

[Event "Faroese-ch Open 2025"]
[Site "Torshavn"]
[Date "2025.04.12"]
[Round "1.6"]
[White "Joensen, Sigurd"]
[Black "Staksberg, Luca Eydun"]
[Result "0-1"]
[Annotator "NA"]
[ECO "A03"]
[WhiteElo "1619"]
[BlackElo "1692"]
[PlyCount "114"]
[EventDate "2025.04.11"]
[EventType "swiss"]
[EventCountry "FAI"]
[SourceTitle "playchess.com"]
[Source "ChessBase"]
[SourceQuality "1"]
[TimeControl "40/5400+30:900+30"]

1. f4 d5 2. e3 Nf6 3. Be2 c5 4. Nf3 Nc6 5. O-O Bg4 6. d3 Qc7 7. Ng5 h6 8. Nf3 O-O-O 9. Bd2 e6 10. a3 Bd6 11. Qe1 Bxf3 12. Bxf3 e5 13. g3 Rhe8 14. Qc1 exf4 15. exf4 Nd4 16. Qd1 Qb6 17. b3 c4 18. Kg2 cxd3 19. cxd3 Qxb3 20. Qxb3 Nxb3 21. Ra2 Nxd2 22. Rxd2 Kb8 23. Rc1 Rc8 24. Rdc2 a6 25. Rxc8+ Rxc8 26. Rxc8+ Kxc8 27. Nc3 Bxa3 28. Nxd5 Nxd5 29. Bxd5 f6 30. Kf3 b5 31. Ke4 Kd7 32. d4 Bb2 33. Bb3 a5 34. Kd5 Ba3 35. Ba2 a4 36. Bb1 Bd6 37. Bd3 Ke7 38. Bxb5 a3 39. Bc4 f5 40. Bb3 g5 41. fxg5 hxg5 42. Ba2 g4 43. Bb3 Bb8 44. Ba2 Kf6 45. Bb3 f4 46. gxf4 Bxf4 47. Ke4 Bxh2 48. Ke3 Kg5 49. Kf2 Bc7 50. Kg2 Kf4 51. d5 Ke3 52. Bc4 Kd4 53. Ba2 Kc3 54. Kf1 Kb2 55. Bc4 a2 56. Bxa2 Kxa2 57. Kg2 Kb3 0-1